 Dungeon Crawl Stone Soup version 0.20.1-1-g8b1a95d (webtiles) character file.

693 Minstaer the Cudgeler (level 7, -2/71 HPs)
             Began as a Troll Berserker on Nov 18, 2017.
             Was a Priest of Trog.
             Slain by a river rat (5 damage)
             ... in a sewer.
             The game lasted 00:13:06 (3400 turns).

Minstaer the Cudgeler (Troll Berserker)             Turns: 3400, Time: 00:13:07

Health: -2/71      AC:  5    Str: 26    XL:     7   Next: 37%
Magic:  6/6        EV: 10    Int:  3    God:    Trog [***...]
Gold:   174        SH:  0    Dex: 11    Spells: 6/6 levels left

rFire    . . .     SeeInvis .   b - +0 mace
rCold    . . .     Gourm    +   (no shield)
rNeg     . . .     Faith    .   m - +0 animal skin
rPois    .         Spirit   .   (helmet restricted)
rElec    .         Reflect  .   (no cloak)
rCorr    .         Harm     .   (gloves unavailable)
MR       .....                  (boots unavailable)
Stlth    +.........             (no amulet)
Regen    0.7/turn               (no ring)
MPRegen  0.1/turn               (no ring)

@: berserk cooldown, slowed, very slow
A: unfitting armour, claws 3, fast metabolism 3, gourmand, regeneration 1,
shaggy fur 1, tough skin 2
a: Berserk, Trog's Hand, Burn Spellbooks, Renounce Religion


You were in a sewer.
You worshipped Trog.
Trog was most pleased with you.
You were full.

You visited 1 branch of the dungeon, and saw 5 of its levels.
You also visited: Sewer.

You collected 174 gold pieces.

Inventory:

Hand Weapons
 a - a +0 hunting sling
 b - a +0 mace (weapon)
 q - a +0 morningstar
 t - a +0 flail
Missiles
 d - 170 stones
 k - 15 sling bullets
 n - 44 arrows
 o - 2 needles of paralysis
 w - 5 javelins (quivered)
 x - 3 tomahawks
Armour
 m - a +0 animal skin (worn)
Scrolls
 e - a scroll of identify
 f - 2 scrolls of blinking
 g - a scroll of teleportation
 i - 5 scrolls of remove curse
 l - a scroll of immolation
 r - a scroll of enchant armour
Potions
 h - 4 potions of curing
 j - a potion of ambrosia {unknown}
 p - a potion of cancellation {unknown}
 s - a potion of flight {unknown}
 v - a potion of haste {unknown}
 z - a potion of lignification {unknown}
 A - a potion of might {unknown}
Comestibles
 c - 7 bread rations
 u - 5 fruits
 B - 3 chunks of flesh


   Skills:
 + Level 4.5 Fighting
 * Level 6.7 Maces & Flails
 - Level 2.4 Dodging


You had 6 spell levels left.
You didn't know any spells.

Dungeon Overview and Level Annotations

Branches:
Dungeon (5/15)
 Temple: D:4-7

Altars:
Ashenzari
Qazlal
Sif Muna
Zin


Innate Abilities, Weirdness & Mutations

You are too large for most types of armour.
You have claws for hands.
Your metabolism is lightning-fast.
You like to eat raw meat.
Your natural rate of healing is unusually fast.
You are covered in fur. (AC +1)
You have very tough skin. (AC +2)


Message History

* * * LOW HITPOINT WARNING * * *
The river rat bites you but does no damage.
The river rat bites you.
* * * LOW HITPOINT WARNING * * *
You closely miss the river rat. The river rat bites you.
* * * LOW HITPOINT WARNING * * *
The river rat bites you but does no damage.
The river rat bites you.
* * * LOW HITPOINT WARNING * * *
You closely miss the river rat. The river rat barely misses you.
The river rat bites you.
* * * LOW HITPOINT WARNING * * *
The river rat bites you.
* * * LOW HITPOINT WARNING * * *
Okay, then.
You closely miss the river rat. The river rat misses you.
The river rat bites you.
* * * LOW HITPOINT WARNING * * *
The river rat bites you.
You die...

###
#.#
#.#
#.#
#.#
#∩#
#r#
#@#
#r#
#r#
#.#
#.#
#.#
#.#
#≈#


You could see 2 river rats and a rat.

Vanquished Creatures
  A centaur (D:5)
  A howler monkey (D:4)
  A bullfrog zombie (D:4)
  A centaur zombie (D:4)
  2 centaur skeletons (D:4)
  A gnoll shaman (D:4)
  An orc wizard (D:4)
  2 orc priests
  2 worker ants (D:4)
  A hound zombie (D:4)
  A hound skeleton (D:4)
  A howler monkey zombie (D:4)
  A worker ant zombie (D:4)
  A howler monkey skeleton (D:4)
  5 adders
  4 gnolls
  3 river rats (D:5)
  A shadow imp (D:5)
  2 oozes
  3 adder zombies (D:4)
  An adder skeleton (D:4)
  A worm (D:2)
  2 leopard geckos
  10 orcs
  4 giant cockroaches
  5 hobgoblins
  4 jackals (D:3)
  9 kobolds
  2 quokkas
  3 ball pythons
  4 bats
  4 frilled lizards
  A giant cockroach zombie (D:4)
  5 goblins
  A jackal zombie (D:4)
  A leopard gecko skeleton (D:4)
  8 rats
100 creatures vanquished.

Notes
Turn   | Place    | Note
-------+----------+-------------------------------------------
     0 | D:1      | Minstaer the Troll Berserker began the quest for the Orb.
     0 | D:1      | Reached XP level 1. HP: 22/22 MP: 0/0
   765 | D:1      | Reached skill level 3 in Maces & Flails
   882 | D:2      | Reached XP level 2. HP: 29/29 MP: 1/1
  1030 | D:2      | Reached XP level 3. HP: 24/36 MP: 2/2
  1248 | D:2      | Reached ** piety under Trog
  1435 | D:2      | Reached XP level 4. HP: 45/45 MP: 3/3
  1709 | D:3      | Reached skill level 4 in Maces & Flails
  1935 | D:3      | Found a deep blue altar of Sif Muna.
  1964 | D:3      | Found a stormy altar of Qazlal.
  1965 | D:3      | Found a glowing silver altar of Zin.
  1966 | D:3      | Found a shattered altar of Ashenzari.
  2344 | D:4      | Reached XP level 5. HP: 46/53 MP: 4/4
  2499 | D:4      | Reached skill level 5 in Maces & Flails
  2516 | D:4      | Reached XP level 6. HP: 47/62 MP: 5/5
  2722 | D:4      | Reached skill level 6 in Maces & Flails
  2831 | D:4      | Reached *** piety under Trog
  3084 | D:4      | Reached XP level 7. HP: 31/70 MP: 6/6
  3321 | D:5      | Entered Level 5 of the Dungeon
  3366 | D:5      | Found a glowing drain.
  3390 | Sewer    | Entered a sewer
  3400 | Sewer    | HP: 3/71 [river rat (4)]
  3400 | Sewer    | Slain by a river rat

Skill      XL: |  1  2  3  4  5  6 |
---------------+-------------------+-----
Maces & Flails | 3 4 5 6 |  6.7
Fighting       | 3 4 |  4.5
Dodging        | |  2.4

Action                   |  1- 3 |  4- 6 |  7- 9 || total
-------------------------+-------+-------+-------++-------
Melee: Mace              |    94 |   174 |    38 ||   306
 Fire: Hunting sling     |    20 |    37 |     8 ||    65
Throw: Javelin           |     1 |     5 |       ||     6
       Stone             |       |     1 |       ||     1
Invok: Berserk           |       |     3 |     1 ||     4
  Use: Scroll            |       |       |     6 ||     6
 Stab: Sleeping          |     1 |       |       ||     1
  Eat: Chunk             |    19 |    16 |     2 ||    37
Armor: Animal skin       |    49 |    83 |    14 ||   146
Dodge: Dodged            |    77 |    96 |    40 ||   213
